AoeStats
← Tomeš

Golden Pit

508455552Analyzed
1v1 RM · 10d ago on Sep 22, 2026· 53m 15s· 2 players
Game mode
Random Map
Map size
Tiny (2 player)
Population
200
Speed
Normal
Resources
Standard
Victory
Conquest
Starting age
Dark Age
Ending age
Imperial Age
RankedLock teamsTeams togetherTeam positionsShared explorationLock speedFull tech treeHidden civsTurbo modeCheats
Victory
Defeat
🇨🇿 Cumans · Czechia
653
+19
🇧🇬 Lithuanians · Bulgaria
724
-19
Tomeš
6:06 Loom
10:38 Feudal Age
12:19 Wheelbarrow
11:32 Double-Bit Axe
15:18 Horse Collar
15:28 Town Watch
23:31 Castle Age
21:07 Man-at-Arms
21:37 Arson
22:07 Forging
26:48 Heavy Plow
27:00 Bow Saw
26:50 Long Swordsman
27:31 Squires
27:57 Pikeman
28:52 Gold Mining
28:52 Stone Mining
32:03 Scale Mail Armor
33:13 Iron Casting
34:21 Chain Mail Armor
43:01 Imperial Age
44:37 Ballistics
44:46 Conscription
44:05 Elite Skirmisher
44:51 Murder Holes
46:39 Padded Archer Armor
46:32 Fletching
49:45 Two-Handed Swordsman
53:52 Blast Furnace
52:48 Bodkin Arrow
Gesha
11:01 Loom
12:47 Feudal Age
13:53 Double-Bit Axe
13:50 Horse Collar
16:22 Arson
16:05 Man-at-Arms
16:12 Man-at-Arms
20:33 Scale Mail Armor
21:23 Forging
24:01 Wheelbarrow
33:39 Bloodlines
36:19 Castle Age
34:36 Fletching
34:52 Scale Barding Armor
34:48 Padded Archer Armor
37:26 Squires
36:47 Long Swordsman
38:09 Crossbowman
38:55 Thumb Ring
42:53 Pikeman
44:00 Bodkin Arrow
44:24 Chain Mail Armor
44:45 Iron Casting
44:09 Gold Mining
44:27 Heavy Plow
44:50 Bow Saw
44:37 Light Cavalry
45:19 Husbandry
48:29 Leather Archer Armor
Connection lost

Rejoining the realm…

Still unreachable

The connection could not be restored.

Session expired

The server has moved on; the page needs a fresh start.